 Dungeon Crawl Stone Soup version 0.28-a0-1182-g381e24db82 (webtiles) character file.

Game seed: 16116148159816235386

17 AarnesTheHuman the Shield-Bearer (level 2, 24/24 HPs)
             Began as a Formicid Fighter on Dec 17, 2021.
             Was a Follower of Sif Muna.
             Got out of the dungeon alive.
             The game lasted 00:00:41 (501 turns).

AarnesTheHuman the Shield-Bearer (Formicid Fighter)  Turns: 501, Time: 00:00:41

Health: 24/24      AC:  6    Str: 20    XL:     2   Next: 80%
Magic:  2/2        EV:  9    Int:  7    God:    Sif Muna [*.....]
Gold:   9          SH:  4    Dex: 10    Spells: 1/1 levels left

rFire   . . .      SeeInvis +   a - +0 war axe
rCold   . . .      Faith    .   c - +0 buckler
rNeg    . . .      Spirit   .   g - +0 scale mail
rPois   .          Reflect  .   (helmet unavailable)
rElec   .          Harm     .   (no cloak)
rCorr   .          Rampage  .   (no gloves)
Will    .....                   (no boots)
Stlth   ..........              (no amulet)
HPRegen 0.08/turn               (no ring)
MPRegen 0.08/turn               (no ring)

@: no status effects
A: permanent stasis, dig shafts and tunnels, antennae 3, four strong arms
a: Dig, Shaft Self, Renounce Religion, Channel Magic


You escaped.
You worshipped Sif Muna.
Sif Muna was aware of your devotion.
You visited 1 branch of the dungeon, and saw 1 of its levels.

You collected 9 gold pieces.

Inventory:

Hand Weapons
 a - a +0 war axe (weapon)
 b - a +0 short sword of speed
Missiles
 f - 46 stones
Armour
 c - a +0 buckler (worn)
 g - a +0 scale mail (worn)
Potions
 d - a potion of might
 e - a potion of degeneration {unknown}


   Skills:
 + Level 3.5 Fighting
 * Level 2.6 Axes
 + Level 3.5 Armour
 - Level 3.6 Shields


You had one spell level left.
You didn't know any spells.
Your spell library was empty.

Dungeon Overview and Level Annotations

Branches:
Dungeon (1/15)

Altars:
Sif Muna


Innate Abilities, Weirdness & Mutations

You cannot be hasted, slowed, berserked, paralysed or teleported.
You can dig through walls and to a lower floor.
You have a pair of large antennae on your head. (SInv)
Your four strong arms can wield two-handed weapons with a shield.


Message History

The bat hits you.
You barely miss the bat. The bat hits you but does no damage.
A rat comes into view.
The bat hits you but does no damage.
You miss the bat. The bat hits you.
You slash the bat!
You kill the bat!
You slash the rat!
You kill the rat!
No target in view!
No target in view!
Things that are here:
a bat corpse; a frilled lizard corpse A rat comes into view.
A rat is nearby!
The rat bites you.
You hit the rat.
You kill the rat!
No target in view!
No target in view!
f - 46 stones (gained 28)
Found a faded altar of an unknown god.
A quokka comes into view.
A quokka is nearby!
The quokka barely misses you.
The quokka bites you but does no damage.
You slash the quokka!
You kill the quokka!
No target in view!
No target in view!
There is a faded altar of an unknown god here.
You cannot tell which god this altar belongs to.
Convert to them anyway?
Sif Muna accepts your prayer! Sif Muna welcomes you!
You can now call upon Sif Muna for magical energy.
There is an open door here.
There is an open door here.
There is a staircase leading out of the dungeon here.
Are you sure you want to leave the Dungeon?
This will make you lose the game!
You have escaped!

.............#
#####.####.### #.
#.# #. #.#####
###.####.....#
.........###.#######
#.≈≈≈≈≈≈≈≈.≈≈≈≈≈≈≈
#.≈####≈≈≈.≈≈≈####
##
#.≈#@.####'####.>#
#.
#.≈#..'.......+..#
#.
#.≈##+####+####+##
#.
#.≈≈#.#.......#.#≈
#.
#.≈≈#.#...8...#.#≈
##
...≈≈#.+.#####.+.#≈
#
(###≈≈#.#...8...#.#≈
#≈≈#.#.......#.#≈
#≈##+####+####+


There were no monsters in sight!

Vanquished Creatures
  A gnoll (D:1)
  An endoplasm (D:1)
  A kobold (D:1)
  A quokka (D:1)
  A bat (D:1)
  A frilled lizard (D:1)
  3 rats (D:1)
9 creatures vanquished.

Notes
Turn   | Place    | Note
-------+----------+-------------------------------------------
     0 | D:1      | AarnesTheHuman the Formicid Fighter began the quest for the
                  | Orb.
     0 | D:1      | Reached XP level 1. HP: 18/18 MP: 1/1
    29 | D:1      | Reached XP level 2. HP: 6/24 MP: 2/2
   425 | D:1      | Found a faded altar of an unknown god.
   437 | D:1      | Prayed at the altar of an unknown god.
   437 | D:1      | Became a worshipper of Sif Muna the Loreminder
   437 | D:1      | Reached * piety under Sif Muna
   501 | D:$      | Got out of the dungeon alive.

Illustrated notes

Levels and vault maps discovered:
D:1:      heliophobic_arrival_glass_houses, layout_basic,
          hellmonk_ecumenical_altar_crossroads

Action                   || total
-------------------------++-------
Melee: War axe           ||    24
Armor: Scale mail        ||     9
Dodge: Dodged            ||    11
Block: Buckler           ||     2

Table legend: (Time is in decaauts)
 A = Elapsed time spent in this place.
 B = Non-inter-level travel time spent in this place.
 C = Inter-level travel time spent in this place.
 D = Time resting spent in this place.
 E = Time spent auto-exploring this place.
 F = Levels seen in this place.
 G = Mean time per level.
                   A        B        C        D        E       F      G
               +--------+--------+--------+--------+--------+-----+--------+
         Total |    510 |    448 |     62 |    212 |    152 |   1 |  510.0 |
       Dungeon |    510 |    448 |     62 |    212 |    152 |   1 |  510.0 |
               +--------+--------+--------+--------+--------+-----+--------+

Top non-repeatable levels by time:
     D:1: 510 daAuts
